 Dungeon Crawl Stone Soup version 0.30-a0-930-gb9d0489357 (webtiles) character file.

Game seed: 6983914526844366170

49 Zdeegee the Stinger (level 4, -4/31 HPs)
             Began as a Formicid Venom Mage on Mar 23, 2023.
             Slain by a gnoll
             ... wielding a +0 war axe
              (6 damage)
             ... on level 1 of the Dungeon.
             The game lasted 00:03:39 (1220 turns).

Zdeegee the Stinger (Formicid Venom Mage)           Turns: 1220, Time: 00:03:40

Health: -4/31      AC:  2    Str: 13    XL:     4   Next: 2%
Magic:  0/7        EV: 27    Int: 16    God:
Gold:   108        SH:  0    Dex: 14    Spells: 5/8 levels left

rFire   . . .      SeeInvis +    i - +2 mace (protect)
rCold   . . .      Faith    .    (no shield)
rNeg    . . .      Spirit   .    a - +0 robe
rPois   .          Reflect  .    (helmet unavailable)
rElec   .          Rampage  .    (no cloak)
rCorr   .                        (no gloves)
Will    .....                    (no boots)
Stlth   ++                       e - amulet of the acrobat
HPRegen 0.25/turn                (no ring)
MPRegen 0.10/turn                (no ring)

@: acrobatic
A: permanent stasis, dig shafts and tunnels, antennae 3, four strong arms
a: Dig, Shaft Self


You were on level 1 of the Dungeon.
You visited 1 branch of the dungeon, and saw 2 of its levels.

You collected 108 gold pieces.

Inventory:

Hand Weapons
 f - a +0 falchion
 i - a +2 mace of protection (weapon)
Armour
 a - a +0 robe (worn)
Magical Staves
 h - a staff of conjuration
Jewellery
 e - an amulet of the acrobat (around neck)
Scrolls
 c - a scroll of fear {unknown}
 d - a scroll of summoning {unknown}
 j - a scroll of enchant armour {unknown}
 l - a scroll of teleportation {unknown}
Potions
 b - a potion of magic
 g - a potion of attraction {unknown}
 k - a potion of heal wounds {unknown}


   Skills:
 * Level 0.4 Fighting
 + Level 0.2 Long Blades
 * Level 0.6 Armour
 * Level 1.8 Dodging
 + Level 2.5 Stealth
 * Level 2.5 Spellcasting
 + Level 1.9 Transmutations
 * Level 4.7 Poison Magic
 * Level 1.2 Evocations


You had 5 spell levels left.
You knew the following spells:

 Your Spells              Type           Power      Damage    Failure   Level
a - Sting                 Tmut/Pois      48%        1d5       4%          1
b - Poisonous Vapours     Pois/Air       18%        N/A       12%         2

Your spell library contained the following spells:

 Spells                   Type           Power      Damage    Failure   Level
 Olgreb's Toxic Radiance  Pois           17%        N/A       28%         4
 Mephitic Cloud           Conj/Pois/Air  7%         N/A       30%         3
 Ozocubu's Armour         Ice            2%         N/A       52%         3
 Metabolic Englaciation   Hex/Ice        1%         N/A       99%         5
 Simulacrum               Ice/Necr       1%         N/A       100%        6


Dungeon Overview and Level Annotations

Branches:
Dungeon (2/15)

Altars:


Innate Abilities, Weirdness & Mutations

You cannot be hasted, slowed, berserked, paralysed or teleported.
You can dig through walls and to a lower floor.
You have a pair of large antennae on your head. (SInv)
Your four strong arms can wield two-handed weapons with a shield.


Message History

The bat completely misses you. The bat completely misses you.
You hit the bat.
Your weapon exudes an aura of protection.
You kill the bat!
The rat barely misses you.
You barely miss the rat. The rat closely misses you.
You hit the rat.
You kill the rat!
The gnoll completely misses you.
The gnoll hits you from afar with a +0 spear of distortion.
The gnoll completely misses you.
You see here a rat corpse.
The gnoll attacks as you move away! The gnoll barely misses you.
The gnoll attacks as you move away! The gnoll completely misses you.
Casting: Poisonous Vapours (safe; 12% risk of failure)
Confirm with . or Enter, or press ? or * to list all spells.
Aiming: Poisonous Vapours (safe; 12% risk of failure)
Press: ? - help, Dir - move target, f - gnoll
Aim: a gnoll, wielding a +0 war axe Poisonous vapours surround the gnoll!
The gnoll is poisoned.
The gnoll hits you with a +0 war axe. The gnoll misses you.
The gnoll attacks as you move away! The gnoll hits you with a +0 war axe!
The gnoll attacks as you move away! The gnoll hits you with a +0 war axe.
The gnoll looks more healthy.
The gnoll attacks as you move away! The gnoll completely misses you.
There is a stone staircase leading up here.
The gnoll hits you with a +0 war axe. The gnoll misses you.
You climb upwards.
There is a stone staircase leading down here.
Casting: Poisonous Vapours (safe; 12% risk of failure)
Confirm with . or Enter, or press ? or * to list all spells.
Aiming: Poisonous Vapours (safe; 12% risk of failure)
Press: ? - help, Dir - move target, f - gnoll
Aim: a gnoll, wielding a +0 war axe (heavily wounded) Poisonous vapours surround the gnoll!
The gnoll is poisoned.
The gnoll hits you with a +0 war axe!
* * * LOW HITPOINT WARNING * * *
The gnoll attacks as you move away! The gnoll hits you with a +0 war axe.
You die...

#.....# #....# #.....#
#....# #.....# #....#
#.....# #....# #....##
###....##
######....#######.......#
#.........(..............
#.####..g.#######.......#
#.# #..@.# #.......# #.#
#....# #####.......# #.#
##....###...#........ #.#
#......##.#.#........ #.#
#......##.#.#.......# #.#
#......##.#.#........ #.#
#......##.#.#........ #.#
#......##.#.#........ #.#
####.##.....#........


You could see a gnoll (poisoned).

Vanquished Creatures
  A gnoll (D:2)
  2 dart slugs (D:1)
  2 endoplasms (D:1)
  2 giant cockroaches (D:1)
  4 goblins
  2 hobgoblins (D:1)
  2 kobolds (D:1)
  3 quokkas
  4 ball pythons (D:1)
  6 bats
  A frilled lizard (D:1)
  5 rats
34 creatures vanquished.

Notes
Turn   | Place    | Note
-------+----------+-------------------------------------------
     0 | D:1      | Zdeegee the Formicid Venom Mage began the quest for the
                  | Orb.
     0 | D:1      | Reached XP level 1. HP: 13/13 MP: 3/3
   140 | D:1      | Reached XP level 2. HP: 19/19 MP: 3/5
   143 | D:1      | Learned a level 2 spell: Poisonous Vapours
   434 | D:1      | Reached XP level 3. HP: 24/24 MP: 0/6
  1185 | D:2      | Reached skill level 1 in Evocations
  1185 | D:2      | Reached XP level 4. HP: 31/31 MP: 1/7
  1220 | D:1      | Slain by a gnoll

Illustrated notes

Levels and vault maps discovered:
D:1:      dpeg_arrival_refuge, layout_basic, minmay_tiny_reverse_x
D:2:      layout_loops_ring

Skill      XL: |  1  2  3 |
---------------+----------+-----
Evocations     | 1 |  1.2
Fighting       | |  0.4
Long Blades    | |  0.2
Armour         | |  0.6
Dodging        | |  1.8
Stealth        | |  2.5
Spellcasting   | |  2.5
Transmutations | |  1.9
Poison Magic   | |  4.7

Action                     |  1- 3 |  4- 6 || total
---------------------------+-------+-------++-------
  Melee: Unarmed           |     7 |       ||     7
         Falchion          |    13 |       ||    13
         Mace              |     1 |     4 ||     5
   Cast: Sting             |    38 |       ||    38
         Poisonous Vapours |    11 |     2 ||    13
 Armour: Robe              |     8 |     1 ||     9
  Dodge: Dodged            |    39 |    17 ||    56

Table legend: (Time is in decaauts)
 A = Elapsed time spent in this place.
 B = Non-inter-level travel time spent in this place.
 C = Inter-level travel time spent in this place.
 D = Time resting spent in this place.
 E = Time spent auto-exploring this place.
 F = Levels seen in this place.
 G = Mean time per level.
                   A        B        C        D        E       F      G
               +--------+--------+--------+--------+--------+-----+--------+
         Total |   1225 |   1216 |      9 |     10 |    923 |   2 |  612.5 |
       Dungeon |   1225 |   1216 |      9 |     10 |    923 |   2 |  612.5 |
               +--------+--------+--------+--------+--------+-----+--------+

Top non-repeatable levels by time:
     D:1: 1100 daAuts
     D:2: 124 daAuts
